 Dungeon Crawl Stone Soup version 0.29.1-12-g30fa7ad0bf (webtiles) character file.

Game seed: 11382726163741943048

408 wormed the Cudgeller (level 6, -1/39 HPs)
             Began as a Gargoyle Fighter on Dec 20, 2022.
             Killed by divine providence
             ... invoked by an orc priest
              (9 damage)
             ... on level 2 of the Dungeon.
             The game lasted 00:06:12 (3551 turns).

wormed the Cudgeller (Gargoyle Fighter)             Turns: 3551, Time: 00:06:13

Health: -1/39      AC: 12    Str: 22    XL:     6   Next: 88%
Magic:  6/6        EV:  9    Int:  8    God:
Gold:   128        SH:  4    Dex:  9    Spells: 5/5 levels left

rFire   . . .      SeeInvis .   d - +0 whip
rCold   . . .      Faith    .   c - +0 buckler
rNeg    + . .      Spirit   .   b - +0 scale mail
rPois   ∞          Reflect  .   a - +0 helmet
rElec   +          Harm     .   (no cloak)
rCorr   .          Rampage  .   (no gloves)
Will    .....                   (no boots)
Stlth   ..........              (no amulet)
HPRegen 0.13/turn               (no ring)
MPRegen 0.10/turn               (no ring)

@: no status effects
A: sickness immunity, AC +4, negative energy resistance 1, electricity
resistance, torment resistance 1, petrification resistance
a: no special abilities


You were on level 2 of the Dungeon.
You visited 1 branch of the dungeon, and saw 3 of its levels.

You collected 128 gold pieces.

Inventory:

Hand Weapons
 d - a +0 whip (weapon)
Armour
 a - a +0 helmet (worn)
 b - a +0 scale mail (worn)
 c - a +0 buckler (worn)
Scrolls
 e - a scroll of fog {unknown}
 f - 5 scrolls of identify {unknown}
 h - 2 scrolls of blinking {unknown}
 j - 2 scrolls of magic mapping {unknown}
 l - a scroll of teleportation {unknown}
 m - a scroll of fear {unknown}
Potions
 g - a potion of haste {unknown}
 k - a potion of resistance {unknown}


   Skills:
 + Level 4.6 Fighting
 * Level 4.7 Maces & Flails
 + Level 4.6 Armour
 + Level 4.7 Shields


You had 5 spell levels left.
You didn't know any spells.
Your spell library contained the following spells:

 Spells                   Type           Power      Damage    Failure   Level
 Shock                    Conj/Air       0%         1d3       80%         1


Dungeon Overview and Level Annotations

Branches:
Dungeon (3/15)

Altars:

Annotations:
D:3 Natasha


Innate Abilities, Weirdness & Mutations

You are immune to sickness and miasma.
Your stone body is resilient. (AC +4)
You are immune to poison.
You resist negative energy. (rN+)
You are resistant to electric shocks. (rElec)
You are resistant to unholy torment.
You are immune to petrification.


Message History

There is a stone staircase leading down here.
You climb downwards.
Level annotation: Natasha
There is a stone staircase leading up here.
The orc priest calls down the wrath of Beogh upon you.
Pain shoots through your body!
You climb upwards.
There is a stone staircase leading down here.
Items here: )) [ ††.
There is a stone staircase leading down here.
You climb downwards.
Level annotation: Natasha The orc priest looks satisfied for a moment.
There is a stone staircase leading up here.
The orc priest hits you but does no damage.
The orc priest invokes the aid of Beogh against you.
You barely resist.
You climb upwards.
There is a stone staircase leading down here.
You closely miss the orc priest.
The orc priest hits you but does no damage.
You hit the orc priest but do no damage.
The orc priest calls down the wrath of Beogh upon you.
Beogh smites you!
You barely miss the orc priest. The orc priest barely misses you.
You hit the orc priest.
The orc priest is moderately wounded.
You closely miss the orc priest.
The orc priest is moderately wounded.
The orc priest hits you with a +0 whip.
You closely miss the orc priest.
The orc priest is moderately wounded.
The orc priest calls down the wrath of Beogh upon you.
Beogh smites you!
* * * LOW HITPOINT WARNING * * *
You hit the orc priest but do no damage.
The orc priest is moderately wounded.
The orc priest calls down the wrath of Beogh upon you.
Beogh smites you!
You die...

#..............## #.
#.#######.###### #. #.# #.# #.
#.# #.########### #. #.##
#.#.........# #. ...#
#.#.#######.##### #. ...#
#........##.....# #. ...#
#...####o##.###.########.
..#######...# #@##.#
#.......###
#)÷.........####[##.###.#####.#
#)......................# #.#
#.#########..###.##.##### #.#
.............# #.##.# #.#
############.# #.##.# #.# # #.#
#.##.# #.# #.# #.##.### #.###
#.###......# #.#..


You could see an orc priest.

Vanquished Creatures
  Sigmund (D:2)
  Pargi (D:3)
  Jessica (D:2)
  Robin (D:2)
  3 adders
  A shadow imp (D:3)
  A worm (D:2)
  A dart slug (D:1)
  2 orcs (D:2)
  7 ball pythons
  4 bats
  4 endoplasms
  2 giant cockroaches (D:1)
  15 goblins
  9 hobgoblins
  7 jackals
  2 quokkas (D:1)
  3 frilled lizards
  5 kobolds
  6 rats
76 creatures vanquished.

Notes
Turn   | Place    | Note
-------+----------+-------------------------------------------
     0 | D:1      | wormed the Gargoyle Fighter began the quest for the Orb.
     0 | D:1      | Reached XP level 1. HP: 14/14 MP: 1/1
   174 | D:1      | Reached XP level 2. HP: 17/19 MP: 2/2
   347 | D:1      | Found a faded altar of an unknown god.
   355 | D:1      | Got Plato's Atlas of Fog
   395 | D:1      | Reached XP level 3. HP: 2/23 MP: 3/3
  1353 | D:2      | Noticed Jessica
  1360 | D:2      | Killed Jessica
  1361 | D:2      | Reached XP level 4. HP: 18/29 MP: 4/4
  1512 | D:2      | Noticed Sigmund
  1533 | D:2      | Killed Sigmund
  1534 | D:2      | Reached XP level 5. HP: 9/33 MP: 5/5
  1803 | D:2      | Reached XP level 6. HP: 38/38 MP: 6/6
  2067 | D:2      | Noticed Robin
  2136 | D:2      | Killed Robin
  2808 | D:3      | Noticed Pargi
  2867 | D:3      | Killed Pargi
  3198 | D:3      | Noticed Natasha
  3551 | D:2      | Killed from afar by an orc priest

Illustrated notes

Levels and vault maps discovered:
D:1:      mrwooster_arrival_arrow, layout_basic,
          shapermc_ecumenical_altar_rom_forum, minmay_misc_feat_x,
          kennysheep_flooded_box, palyth_stone_intersect, minmay_pentomino_u2
D:2:      layout_loops_ring, uniq_jessica, uniq_robin, uniq_sigmund
D:3:      layout_basic, uniq_natasha, uniq_pargi

Skill      XL: |  1  2  3  4 |
---------------+-------------+-----
Maces & Flails | 3 4 |  4.7
Fighting       | 4 |  4.6
Armour         | 4 |  4.6
Shields        | 4 |  4.7

Action                   |  1- 3 |  4- 6 || total
-------------------------+-------+-------++-------
Melee: Flail             |    94 |    19 ||   113
       Whip              |       |   220 ||   220
       Unarmed           |       |     4 ||     4
  Use: Potion            |       |     5 ||     5
Armor: Scale mail        |    76 |   164 ||   240
       Skin              |       |    33 ||    33
Dodge: Dodged            |    59 |   117 ||   176
Block: Buckler           |    35 |    62 ||    97
